 Dungeon Crawl Stone Soup version 0.25.0-1-g7eea58d2a3 (webtiles) character file.

Game seed: 17755882140983545458

11 DeadF the Vexing (level 2, -1/11 HPs)
             Began as a Felid Enchanter on June 14, 2020.
             Slain by a hobgoblin (4 damage)
             ... on level 1 of the Dungeon.
             The game lasted 00:01:17 (685 turns).

DeadF the Vexing (Felid Enchanter)                   Turns: 685, Time: 00:01:17

Health: -1/11      AC:  1    Str:  4    XL:     2   Next: 13%
Magic:  6/6        EV: 18    Int: 16    God:
Gold:   24         SH:  0    Dex: 16    Spells: 4/5 levels left
                                        Lives:  0   Deaths: 0

rFire    . . .     SeeInvis +     - Unarmed
rCold    . . .     Gourm    .   (shield unavailable)
rNeg     . . .     Faith    .   (armour unavailable)
rPois    .         Spirit   .   (helmet unavailable)
rElec    .         Reflect  .   (cloak unavailable)
rCorr    .         Harm     .   (gloves unavailable)
MR       .....                  (boots unavailable)
Stlth    +++.......             (no amulet)
HPRegen  0.03/turn              (no ring)
MPRegen  0.10/turn              (no ring)

@: quick
A: very small, no armour, no weapons or thrown items, stealth, claws 1, fangs 3,
see invisible, carnivore, speed 1, shaggy fur 1, slow metabolism 1, sharp paws
a: no special abilities


You were on level 1 of the Dungeon.
You were not hungry.

You visited 1 branch of the dungeon, and saw 1 of its levels.

You collected 24 gold pieces.

Inventory:

Jewellery
 d - an uncursed ring of magical power {unknown}
 e - a cursed ring of teleportation {unknown}
Scrolls
 a - 2 scrolls of teleportation {unknown}
 c - a scroll of noise {unknown}
Potions
 f - a potion of mutation {unknown}
Comestibles
 b - a ration


   Skills:
 + Level 3.1 Dodging
 + Level 4.4 Stealth
 + Level 1.1 Unarmed Combat
 + Level 2.0 Spellcasting
 + Level 4.6 Hexes


You had 4 spell levels left.
You knew the following spells:

 Your Spells              Type           Power        Failure   Level  Hunger
a - Corona                Hex            ###....      3%          1    #......

Your spell library contained the following spells:

 Spells                   Type           Power        Failure   Level  Hunger
 Confusing Touch          Hex            ###.....     9%          3    ###....
 Tukima's Dance           Hex            ###.....     9%          3    ###....
 Ensorcelled Hibernation  Hex/Ice        #.....       12%         2    ###....
 Dazzling Flash           Conj/Hex       #.....       24%         3    ###....


Dungeon Overview and Level Annotations

Branches:
Dungeon (1/15)

Altars:


Innate Abilities, Weirdness & Mutations

You cannot wear armour.
You are incapable of wielding weapons or throwing items.
Your paws allow you to move quietly. (Stealth)
You have sharp claws.
You have razor-sharp teeth.
You have supernaturally acute eyesight. (SInv)
You are carnivorous and can eat meat at any time.
You cover ground quickly.
You are covered in fur. (AC +1)
You have a slow metabolism.
Your sharp claws are effective at attacking unaware monsters.


Message History

You closely miss the bat. The bat hits you but does no damage.
You scratch the bat but do no damage. The bat hits you but does no damage.
The bat hits you.
A ball python comes into view.
The bat completely misses you. The bat completely misses you.
The bat barely misses you.
You see here a scroll labeled WOUDUGYDEN.
The bat closely misses you.
You closely miss the bat. The bat closely misses you. The hobgoblin hits you.
The bat misses you.
You barely miss the bat. The bat closely misses you. The bat misses you.
The hobgoblin barely misses you. The bat hits you but does no damage.
The bat barely misses you. The bat hits you. The bat hits you.
* * * LOW HITPOINT WARNING * * *
The bat hits you but does no damage. The hobgoblin hits you.
You die...

.. #........########.
......)..##...###
.....#####..###
$....####..########
........#.#........
#.....#######
#[##......####
#...)).b.....##
#.)..@........#
#...##Kg.....###
#.>.###.....#.########.#
#...##
#.....?.........S. ...#
#.....#...###.S.# #..
#..!..###..)..# #.
####.## ###....# #..
.##.# #### ## ..


You could see a hobgoblin, a bat and a kobold.

Vanquished Creatures
  2 bats (D:1)
  A giant cockroach (D:1)
  2 goblins (D:1)
  3 kobolds (D:1)
  A frilled lizard (D:1)
  A rat (D:1)
10 creatures vanquished.

Notes
Turn   | Place    | Note
-------+----------+-------------------------------------------
     0 | D:1      | DeadF the Felid Enchanter began the quest for the Orb.
     0 | D:1      | Reached XP level 1. HP: 7/7 MP: 4/4
   444 | D:1      | Reached XP level 2. HP: 5/11 MP: 6/6
   685 | D:1      | Slain by a hobgoblin

Illustrated notes

Levels and vault maps discovered:
D:1:      roderic_crossed_star, layout_rooms

Skill      XL: |  1 |
---------------+----+-----
Dodging        | 3 |  3.1
Stealth        | |  4.4
Unarmed Combat | |  1.1
Spellcasting   | |  2.0
Hexes          | |  4.6

Action                   || total
-------------------------++-------
Melee: Unarmed           ||    46
       Bite              ||     3
 Stab: Sleeping          ||     1
  Eat: Chunk             ||     2
Armor: Skin              ||    10
Dodge: Dodged            ||    53
